 Dungeon Crawl Stone Soup version 0.30-a0-618-gd6c86c23d0 (webtiles) character file.

Game seed: 9644868484245392704

8972 Darkkill the Skirmisher (level 11, -11/101 HPs)
             Began as a Minotaur Hunter on Jan 9, 2023.
             Was an Initiate of Gozag.
             Mangled by a cane toad (22 damage)
             ... on level 2 of the Lair of Beasts.
             The game lasted 00:08:22 (7945 turns).

Darkkill the Skirmisher (Minotaur Hunter)           Turns: 7945, Time: 00:08:22

Health: -11/101    AC:  6    Str: 17    XL:     11   Next: 16%
Magic:  0/10       EV: 17    Int:  6    God:    Gozag
Gold:   564        SH:  0    Dex: 17    Spells: 10/10 levels left

rFire   . . .      SeeInvis +    s - +3 hand crossbow
rCold   . . .      Faith    .    (no shield)
rNeg    . . .      Spirit   +    c - +0 leather armour
rPois   .          Reflect  .    (helmet restricted)
rElec   .          Harm     .    o - +0 cloak
rCorr   .          Rampage  .    q - +0 pair of gloves
Will    .....                    n - +0 pair of boots
Stlth   ++++                     a - amulet of guardian spirit
HPRegen 0.36/turn                l - ring of see invisible
MPRegen 0.12/turn                g - +4 ring of slaying

@: no status effects
A: horns 2, retaliatory headbutt
a: Renounce Religion, Potion Petition, Call Merchant, Bribe Branch


You were on level 2 of the Lair of Beasts.
You worshipped Gozag.
Gozag was pleased with you.
You visited 3 branches of the dungeon, and saw 11 of its levels.

You collected 1528 gold pieces.
You spent 284 gold pieces at shops.
You paid 680 gold pieces to Gozag.

Inventory:

Hand Weapons
 b - the +9 trident of Nightmares {holy, Int+4}
   (You bought it in a shop on level 7 of the Dungeon)

   Int:       It affects your intelligence (+4).
 s - a +3 hand crossbow (weapon)
Missiles
 i - 120 stones
 u - 15 poisoned darts
 v - 13 boomerangs
Armour
 c - a +0 leather armour (worn)
 n - a +0 pair of boots (worn)
 o - a +0 cloak (worn)
 q - a +0 pair of gloves (worn)
Jewellery
 a - an amulet of guardian spirit (around neck)
 g - a +4 ring of slaying (right hand)
 l - a ring of see invisible (left hand)
Wands
 y - a wand of light (8)
 z - a wand of paralysis (3)
 A - a wand of flame (17)
 B - a wand of iceblast (11)
Scrolls
 d - 3 scrolls of teleportation
 f - 3 scrolls of poison
 p - 3 scrolls of fog
 r - 2 scrolls of amnesia
 C - a scroll of magic mapping
 E - a scroll of identify {@r1}
 G - 3 scrolls of butterflies
 H - a scroll of immolation
Potions
 e - 2 potions of cancellation
 h - a potion of resistance
 j - 3 potions of curing {@q1}
 k - a potion of ambrosia
 m - a potion of mutation
 t - 3 potions of lignification
 w - 2 potions of attraction
 x - a potion of heal wounds
 I - 2 potions of might
 K - a potion of flight


   Skills:
 + Level 10.8 Fighting
 + Level 12.1 Ranged Weapons
 + Level 9.9 Dodging
 + Level 8.1 Stealth


You had 10 spell levels left.
You didn't know any spells.
Your spell library contained the following spells:

 Spells                   Type           Power      Damage    Failure   Level
 Kiss of Death            Conj/Necr      0%         2d5       52%         1
 Shock                    Conj/Air       0%         1d3       52%         1
 Confusing Touch          Hex            0%         N/A       88%         3
 Gell's Gravitas          Tloc           0%         N/A       88%         3
 Ignite Poison            Fire/Tmut/Pois 0%         N/A       88%         3
 Lesser Beckoning         Tloc           0%         N/A       88%         3
 Teleport Other           Tloc           0%         N/A       88%         3
 Dispel Undead            Necr           0%         3d6       99%         4
 Sticky Flame             Conj/Fire      0%         2d3       99%         4
 Fireball                 Conj/Fire      0%         3d3       100%        5
 Silence                  Hex/Air        0%         N/A       100%        5
 Storm Form               Tmut/Air       0%         N/A       100%        7
 Ignition                 Fire           0%         3d3       100%        8


Dungeon Overview and Level Annotations

Branches:
Dungeon (8/15)             Temple (1/1) D:4            Lair (2/5) D:8
  Swamp: Lair:2-3    Shoals: Lair:2-3     Snake: Lair:2-3    Spider: Lair:2-3

Altars:
Ashenzari
Elyvilon
Gozag
Hepliaklqana
Kikubaaqudgha
Makhleb
Nemelex Xobeh
Qazlal
Sif Muna
Yredelemnul

Shops:
D:2 (*!*?   D:7 *   D:8 *

Portals:
Abyss: Lair:1

Annotations:
D:1 1 runed translucent door
D:6 1 runed translucent door, rogsnak's ghost, novice DsAE
Lair:1 2 transporters, bronco's ghost, novice DEHu


Innate Abilities, Weirdness & Mutations

You have a pair of horns on your head.
You reflexively headbutt those who attack you in melee.


Message History

The wolf howls!
The wolf is severely wounded.
The wolf howls!
You hear an angry hiss.
You hear a loud, deep croak!
A komodo dragon comes into view.
A cane toad comes into view.
The komodo dragon moves out of view.
There are monsters nearby!
There are monsters nearby!
You shoot a bolt. The cane toad gives a loud, deep croak!
The bolt hits the wolf!!
You kill the wolf!
The wolf bites you.
You shoot a bolt. The bolt hits the wolf!
The wolf is heavily wounded.
The wolf closely misses you. You furiously retaliate!
You headbutt the wolf!
You kill the wolf!
The cane toad stings you!!
There are monsters nearby!
You shoot a bolt. The bolt hits the komodo dragon!
The komodo dragon is moderately wounded.
The komodo dragon completely misses you.
The cane toad stings you! The komodo dragon bites you!
The cane toad barely misses you.
There are monsters nearby!
There are monsters nearby!
You are too injured to fight recklessly!
You are too injured to fight recklessly!
There are monsters nearby!
You are too injured to fight recklessly!
There are monsters nearby!
Fire: s) +3 hand crossbow
Press: ? - help, Q - select action, (/) - cycle Shift-Dir - straight line, f/p - komodo dragon
Aim: a komodo dragon (moderately wounded, 80% to hit)
You shoot a bolt. The bolt hits the komodo dragon!
The komodo dragon is severely wounded.
The cane toad is distracted by your dazzling golden aura.
The komodo dragon closely misses you.
The cane toad gives a loud, deep croak!
Fire: s) +3 hand crossbow
Press: ? - help, Q - select action, (/) - cycle Shift-Dir - straight line, f/p - komodo dragon
Aim: a komodo dragon (severely wounded, 80% to hit)
You shoot a bolt.
The bolt closely misses the komodo dragon.
The komodo dragon bites you!
Fire: s) +3 hand crossbow
Press: ? - help, Q - select action, (/) - cycle Shift-Dir - straight line, f/p - komodo dragon
Aim: a komodo dragon (severely wounded, 80% to hit)
You shoot a bolt.
The bolt completely misses the komodo dragon.
The cane toad is no longer distracted by gold.
The cane toad misses you. The komodo dragon misses you.
The cane toad closely misses you. The komodo dragon barely misses you.
Fire: s) +3 hand crossbow
Press: ? - help, Q - select action, (/) - cycle Shift-Dir - straight line, f/p - komodo dragon
Aim: a komodo dragon (severely wounded, 80% to hit)
Okay, then.
You feel much better.
The cane toad is distracted by your dazzling golden aura.
The komodo dragon completely misses you.
The cane toad gives a loud, deep croak!
Fire: s) +3 hand crossbow
Press: ? - help, Q - select action, (/) - cycle Shift-Dir - straight line, f/p - komodo dragon
Aim: a komodo dragon (severely wounded, 80% to hit)
You shoot a bolt. The bolt hits the komodo dragon.
The komodo dragon is severely wounded.
The cane toad is no longer distracted by gold.
The cane toad stings you. The komodo dragon bites you!!
The cane toad misses you.
Fire: s) +3 hand crossbow
Press: ? - help, Q - select action, (/) - cycle Shift-Dir - straight line, f/p - komodo dragon
Aim: a komodo dragon (severely wounded, 80% to hit)
You shoot a bolt. The bolt hits the komodo dragon!!
You kill the komodo dragon!
The cane toad stings you!
* * * LOW HITPOINT WARNING * * *
Fire: s) +3 hand crossbow
Press: ? - help, Q - select action, (/) - cycle Shift-Dir - straight line, f - cane toad
Aim: a cane toad (78% to hit)
You shoot a bolt. The bolt hits the cane toad!
The cane toad is heavily wounded.
The cane toad stings you but does no damage.
The cane toad closely misses you. You furiously retaliate!
You headbutt the cane toad.
Fire: s) +3 hand crossbow
Press: ? - help, Q - select action, (/) - cycle Shift-Dir - straight line, f/p - cane toad
Aim: a cane toad (heavily wounded, 78% to hit)
You shoot a bolt. The bolt hits the cane toad.
The cane toad is severely wounded.
The cane toad misses you. You furiously retaliate!
You headbutt the cane toad!
Fire: s) +3 hand crossbow
Press: ? - help, Q - select action, (/) - cycle Shift-Dir - straight line, f/p - cane toad
Aim: a cane toad (almost dead, 78% to hit)
You shoot a bolt.
The bolt hits the cane toad but does no damage.
The cane toad is almost dead.
The cane toad stings you!
* * * LOW HITPOINT WARNING * * *
The cane toad stings you!!
You die...
Your body crumbles into a pile of gold.

#.#..# #.#+##... #....#
##. .# #..### .# ..
#.## #.. . # #.# ##.##
#..### #.### #...#
.#...# #.#.#### #...#
....## .......#
#...###$....#
.......####....#@F..#
.........##.........#
.......#............#
........##...........#
.......#####.#######..#
##...### ### ### #####


You could see a cane toad.

Vanquished Creatures
  A cane toad (Lair:1)
  3 polar bears (Lair:1)
  A komodo dragon (Lair:2)
  9 blink frogs (Lair:1)
  Sigmund (D:4)
  3 yaks (D:8)
  3 wargs (D:8)
  4 water moccasins
  A sky beast (D:7)
  2 black bears
  An ice beast (D:8)
  4 ogres
  A centaur (D:7)
  6 wolves
  A phantom (D:7)
  A kobold brigand (D:6)
  11 bullfrogs
  3 scorpions
  2 necrophages
  A gnoll sergeant (D:6)
  13 wights
  11 killer bees
  A howler monkey (D:6)
  3 jellies (D:5)
  2 gnoll boudas
  4 hounds (D:6)
  4 orc priests (D:8)
  Natasha (twice) (D:4)
  7 iguanas
  An orc wizard (D:4)
  10 gnolls
  7 adders
  A shadow imp (D:6)
  3 white imps (D:7)
  2 ufetubi
  2 worms
  16 orcs
  7 ball pythons
  2 bats (D:2)
  5 endoplasms
  2 giant cockroaches
  10 goblins
  11 hobgoblins
  9 jackals
  7 quokkas
  6 frilled lizards
  20 kobolds
  5 rats
  A spectral kobold (D:3)
233 creatures vanquished.

Vanquished Creatures (others)
  An orc wizard (D:8)
  4 fungi
  15 plants
  2 withered plants (D:6)
22 creatures vanquished.

Grand Total: 255 creatures vanquished

Notes
Turn   | Place    | Note
-------+----------+-------------------------------------------
     0 | D:1      | Darkkill the Minotaur Hunter began the quest for the Orb.
     0 | D:1      | Reached XP level 1. HP: 18/18 MP: 0/0
     1 | D:1      | Found a runed translucent door.
   112 | D:1      | Reached skill level 1 in Stealth
   218 | D:1      | Reached XP level 2. HP: 25/25 MP: 1/1
   708 | D:2      | Reached XP level 3. HP: 26/31 MP: 2/2
   765 | D:2      | Found Nyicygui's Distillery.
   964 | D:2      | Found Voajat's Magic Scroll Emporium.
  1018 | D:2      | Found Hezxaetu's General Store.
  1353 | D:2      | Found Xial's General Store.
  1384 | D:2      | Found Oviloeh's Weapon Emporium.
  1389 | D:2      | Bought a +0 hand crossbow for 38 gold pieces
  1527 | D:3      | Reached skill level 5 in Ranged Weapons
  1527 | D:3      | Reached XP level 4. HP: 13/38 MP: 3/3
  1701 | D:3      | Noticed an ogre
  1705 | D:3      | Killed an ogre
  1706 | D:3      | Reached XP level 5. HP: 46/46 MP: 4/4
  1961 | D:3      | Found a faded altar of an unknown god.
  2290 | D:3      | Reached skill level 9 in Ranged Weapons
  2290 | D:3      | Reached skill level 5 in Stealth
  2290 | D:3      | Reached XP level 6. HP: 60/60 MP: 5/5
  2318 | D:4      | Found a staircase to the Ecumenical Temple.
  2337 | Temple   | Entered the Ecumenical Temple
  2358 | Temple   | Became a worshipper of Gozag Ym Sagoz the Greedy
  2398 | D:4      | Got the Excursus on Inflammable Thunder
  2443 | D:4      | Noticed Natasha
  2445 | D:4      | Killed Natasha
  2451 | D:4      | Noticed Sigmund
  2454 | D:4      | Killed Sigmund
  2455 | D:4      | Reached skill level 10 in Ranged Weapons
  2455 | D:4      | Reached XP level 7. HP: 67/67 MP: 6/6
  2744 | D:4      | Noticed Natasha
  2749 | D:4      | Killed Natasha
  2906 | D:5      | Entered Level 5 of the Dungeon
  3175 | D:5      | Reached XP level 8. HP: 74/74 MP: 7/7
  3840 | D:6      | Found a runed translucent door.
  3841 | D:6      | Noticed rogsnak's ghost (novice DsAE)
  4544 | D:6      | Reached XP level 9. HP: 82/82 MP: 8/8
  5780 | D:8      | Found Lorihin's Overcharged Wands.
  5800 | D:8      | Reached skill level 11 in Ranged Weapons
  5857 | D:8      | Found a staircase to the Lair.
  5910 | D:8      | Reached XP level 10. HP: 77/91 MP: 6/9
  6076 | D:8      | Found a stormy altar of Qazlal.
  6343 | D:8      | Reached skill level 10 in Fighting
  6893 | D:7      | Bought a crystal trident for 246 gold pieces
  6893 | D:7      | Identified the +9 trident of Nightmares {holy, Int+4} (You
                  | bought it in a shop on level 7 of the Dungeon)
  6981 | Lair:1   | Entered Level 1 of the Lair of Beasts
  6990 | Lair:1   | Noticed a thrashing horror
  7290 | Lair:1   | Found a broken altar of Ashenzari.
  7438 | Lair:1   | Reached XP level 11. HP: 101/101 MP: 10/10
  7495 | Lair:1   | Reached skill level 12 in Ranged Weapons
  7514 | Lair:1   | Found a transporter.
  7529 | Lair:1   | Found a transporter.
  7532 | Lair:1   | Found a one-way gate to the infinite horrors of the Abyss.
  7532 | Lair:1   | Noticed a tentacled starspawn
  7532 | Lair:1   | Noticed bronco's ghost (novice DEHu)
  7532 | Lair:1   | Noticed a green ugly thing
  7533 | Lair:1   | Noticed a spriggan rider
  7534 | Lair:1   | Noticed a red ugly thing
  7592 | Lair:1   | Noticed a rakshasa
  7945 | Lair:2   | HP: 11/101 [cane toad (13)]
  7945 | Lair:2   | Mangled by a cane toad

Illustrated notes

Levels and vault maps discovered:
D:1:      dpeg_arrival_caged_fury, layout_loops_ring
D:2:      minmay_door_path, layout_loops_cross, serial_shops,
          nicolae_shop_stone, nicolae_shop_hallway_stairs, shop,
          nicolae_square_shop, shop_fountains, minmay_misc_feat_pillars,
          minmay_pentomino_t2
D:3:      corexii_shack_village, layout_basic, serial_forest,
          infiniplex_forest_corner_2, infiniplex_forest_clump_medium,
          infiniplex_forest_clump_curved, infiniplex_forest_end_double,
          infiniplex_forest_clump_large,
          dreamdust_ecumenical_altar_drowned_temple, grunt_ministairs_14,
          nicolae_concentric_dashed_squares_mild
D:4:      layout_cave_pools, minmay_temple_entry_junction, serial_glass,
          glass_columns_c, glass_columns_c, uniq_natasha, uniq_sigmund
D:5:      layout_loops_ring, kennysheep_generic_room_5
D:6:      layout_basic, gammafunk_ghost_grave, minmay_misc_feat_rows,
          kennysheep_small_circle
D:7:      layout_layer_cave
D:8:      layout_loops_cross, mainiacjoe_overflow_alcove_1,
          erik_lair_orcish_takeover, nicolae_shop_overcharged_wands
Temple:   nicolae_temple_the_god_donut
Lair:1:   layout_roguey, basic_altar, gammafunk_ghost_abyssal_escape,
          cheibrodos_lair_lostbears
Lair:2:   layout_roguey, minmay_shoals_entry_hut, guppyfry_snake_entry_island,
          beast_lair_carwin_4

Skill      XL: |  1  2  3  4  5  6  7  8  9 10 11 |
---------------+----------------------------------+-----
Stealth        | 1 2 5 6 7 8 |  8.1
Fighting       | 3 7 8 9 10 | 10.8
Ranged Weapons | 5 9 10 11 12 | 12.1
Dodging        | 3 6 7 8 9 |  9.9

Action                   |  1- 3 |  4- 6 |  7- 9 | 10-12 || total
-------------------------+-------+-------+-------+-------++-------
 Fire: Shortbow          |    66 |       |       |       ||    66
       Hand crossbow     |     6 |    65 |   237 |   130 ||   438
Invok: Call Merchant     |       |       |     1 |       ||     1
  Use: Scroll            |     8 |     5 |     8 |     5 ||    26
       Potion            |       |     1 |       |     1 ||     2
Armor: Leather armour    |    11 |     7 |    21 |    12 ||    51
       Skin              |       |       |     5 |       ||     5
Dodge: Dodged            |    20 |    12 |    84 |    55 ||   171

Table legend: (Time is in decaauts)
 A = Elapsed time spent in this place.
 B = Non-inter-level travel time spent in this place.
 C = Inter-level travel time spent in this place.
 D = Time resting spent in this place.
 E = Time spent auto-exploring this place.
 F = Levels seen in this place.
 G = Mean time per level.
                   A        B        C        D        E       F      G
               +--------+--------+--------+--------+--------+-----+--------+
         Total |   8154 |   7575 |    579 |      0 |   6410 |  11 |  741.3 |
       Dungeon |   7122 |   6554 |    568 |      0 |   5576 |   8 |  890.2 |
        Temple |     41 |     41 |      0 |      0 |     11 |   1 |   41.0 |
          Lair |    990 |    979 |     11 |      0 |    823 |   2 |  495.0 |
               +--------+--------+--------+--------+--------+-----+--------+

Top non-repeatable levels by time:
     D:7: 1321 daAuts
     D:6: 1269 daAuts
     D:8: 1008 daAuts
  Lair:1: 924 daAuts
     D:2: 847 daAuts
     D:3: 830 daAuts
     D:1: 689 daAuts
     D:4: 578 daAuts
     D:5: 577 daAuts
  Lair:2: 66 daAuts
  Temple: 41 daAuts

Table legend:
 A = Kills in this place as a percentage of kills in entire the game.
 B = Kills by you in this place as a percentage of kills by you in the entire game.
 C = Kills by friends in this place as a percentage of kills by friends in the entire game.
 D = Other kills in this place as a percentage of other kills in the entire game.
 E = Experience gained in this place as a percentage of experience gained in the entire game.
 F = Experience gained in this place divided by the number of levels of this place that you have seen.
                   A       B       C       D       E      F
               +-------+-------+-------+-------+-------+----------------------
         Total | 100.0 | 100.0 |   N/A | 100.0 | 100.0 | 1139.4
       Dungeon |  88.5 |  88.4 |   N/A | 100.0 |  56.5 | 884.6
          Lair |  11.5 |  11.6 |   N/A |   0.0 |  43.5 | 2728.0
               +-------+-------+-------+-------+-------+----------------------
